AoeStats
← Darkmaster

Lombardia

509266392Analyzed
2v2 RM · 4d ago on Sep 26, 2026· 75m 22s· 4 players
Game mode
Random Map
Map size
Medium (4 player)
Population
200
Speed
Normal
Resources
Standard
Victory
Conquest
Starting age
Dark Age
Ending age
Imperial Age
RankedLock teamsTeams togetherTeam positionsShared explorationLock speedFull tech treeHidden civsTurbo modeCheats
Victory
Defeat
🇨🇱 Khmer · Chile
942
+15
🇷🇺 Cumans · Russia
866
+17
🇦🇷 Mongols · Argentina
913
-16
🇦🇷 Persians · Argentina
903
-16
Darkmaster
7:26 Loom
11:07 Feudal Age
12:21 Wheelbarrow
11:34 Town Watch
12:18 Double-Bit Axe
12:18 Horse Collar
13:54 Stone Mining
17:44 Gold Mining
25:47 Castle Age
25:13 Scale Barding Armor
25:17 Arson
26:21 Squires
25:43 Pikeman
26:29 Scale Mail Armor
27:42 Stone Shaft Mining
28:17 Bow Saw
31:32 Gold Shaft Mining
32:02 Hand Cart
33:28 Heavy Plow
36:55 Husbandry
37:06 Bloodlines
36:18 Light Cavalry
38:38 Town Patrol
44:40 Imperial Age
43:58 Chain Barding Armor
43:53 Chain Mail Armor
43:49 Forging
45:47 Onager
46:54 Murder Holes
47:21 Ballistics
49:25 Cavalier
52:36 Masonry
60:02 Citadels
75:21 Crop Rotation
SunSorroWx
8:16 Loom
10:02 Feudal Age
11:52 Double-Bit Axe
12:01 Horse Collar
19:23 Castle Age
19:08 Bloodlines
20:30 Gold Mining
20:51 Bow Saw
20:43 Heavy Plow
20:55 Husbandry
22:59 Light Cavalry
24:59 Scale Barding Armor
26:25 Wheelbarrow
25:40 Town Watch
27:31 Gold Shaft Mining
26:51 Stone Mining
28:07 Hand Cart
30:04 Fervor
30:16 Ballistics
30:07 Masonry
33:19 Imperial Age
32:39 Town Patrol
34:58 Stone Shaft Mining
33:56 Onager
34:03 Elite Steppe Lancer
34:04 Heavy Camel Rider
34:59 Forging
35:10 Chain Barding Armor
35:52 Chemistry
37:10 Conscription
37:12 Drill
37:47 Caravan
37:25 Siege Onager
39:34 Capped Ram
41:18 Siege Ram
43:05 Nomads
43:41 Hoardings
45:33 Iron Casting
44:49 Fletching
44:59 Padded Archer Armor
45:07 Siege Engineers
61:35 Murder Holes
CAPITÁN PERRO
0:27 Loom
8:55 Feudal Age
10:20 Wheelbarrow
9:40 Double-Bit Axe
9:40 Horse Collar
10:11 Town Watch
19:35 Castle Age
18:13 Gold Mining
18:14 Stone Mining
19:07 Bloodlines
20:44 Hand Cart
20:40 Town Patrol
22:11 Husbandry
25:00 Scale Barding Armor
25:52 Bow Saw
28:37 Heavy Plow
30:07 Pikeman
35:59 Imperial Age
35:14 Arson
36:34 Gold Shaft Mining
36:34 Stone Shaft Mining
36:22 Chain Barding Armor
36:12 Forging
36:02 Scale Mail Armor
36:03 Padded Archer Armor
35:53 Fletching
36:50 Double Crossbow
36:52 Capped Ram
37:55 Conscription
39:13 Chemistry
38:42 Light Cavalry
41:27 Hussar
42:34 Heavy Scorpion
44:31 Ballistics
53:48 Halberdier
53:54 Man-at-Arms
62:16 Iron Casting
61:56 Chain Mail Armor
62:51 Long Swordsman
63:49 Two-Handed Swordsman
63:57 Onager
65:46 Chain Mail Armor
69:35 Leather Archer Armor
69:15 Bodkin Arrow
69:29 Heated Shot
71:21 Plate Barding Armor
71:17 Ring Archer Armor
70:42 Bodkin Arrow
70:52 Murder Holes
72:27 Siege Ram
F⇄LUCK
11:15 Feudal Age
10:11 Loom
19:05 Double-Bit Axe
19:14 Horse Collar
22:38 Castle Age
22:21 Wheelbarrow
21:31 Town Watch
24:40 Bloodlines
23:51 Light Cavalry
24:58 Fletching
26:46 Ballistics
26:23 Murder Holes
27:38 Hand Cart
27:26 Town Patrol
29:01 Bodkin Arrow
29:17 Forging
31:06 Heavy Plow
31:58 Scale Barding Armor
32:30 Iron Casting
32:30 Masonry
35:31 Imperial Age
34:27 Chain Barding Armor
34:46 Caravan
38:41 Blast Furnace
38:03 Stone Mining
38:06 Gold Mining
38:31 Bow Saw
38:45 Cavalier
39:44 Elite Steppe Lancer
42:51 Plate Barding Armor
43:54 Parthian Tactics
43:55 Conscription
43:45 Steppe Husbandry
45:15 Hoardings
46:18 Chemistry
45:21 Padded Archer Armor
45:22 Scale Mail Armor
50:28 Elite Kipchak
52:10 Heavy Cavalry Archer
61:30 Thumb Ring
Connection lost

Rejoining the realm…

Still unreachable

The connection could not be restored.

Session expired

The server has moved on; the page needs a fresh start.